 Dungeon Crawl Stone Soup version 0.17-a0-1945-gfe993df (webtiles) character file.

294 dpvblackbelt the Covert (level 6, -2/44 HPs)
             Began as a Vampire Gladiator on Sept 30, 2015.
             Was an Initiate of Dithmenos.
             Killed from afar by an orc wizard (11 damage)
             ... with a magic dart
             ... on level 4 of the Dungeon.
             The game lasted 00:14:26 (7187 turns).

dpvblackbelt the Covert (Vampire Gladiator)         Turns: 7187, Time: 00:14:27

Health: -2/44      AC:  1    Str: 14    XL:     6   Next: 11%
Magic:  6/6        EV: 13    Int: 11    God:    Dithmenos [......]
Gold:   130        SH:  0    Dex: 16    Spells: 0 memorised, 5 levels left

rFire  . . .     SeeInvis +     a - +0 rapier
rCold  + + .     Clarity  .     (no armour)
rNeg   + + +     SustAt   .     (no shield)
rPois  +         Gourm    .     c - +0 helmet
rElec  .         Spirit   .     (no cloak)
rCorr  .         Warding  .     (no gloves)
rMut   .         Stasis   .     (no boots)
MR     .....                    (no amulet)
Stlth  +++++.....               (no ring)
                                (no ring)

@: regenerating slowly, not resistant to hostile enchantments, quite stealthy
A: fangs 3, see invisible, unbreathing
a: Bat Form, Renounce Religion


You were on level 4 of the Dungeon.
You worshipped Dithmenos.
Dithmenos was noncommittal.
You were near bloodless.

You visited 1 branch of the dungeon, and saw 4 of its levels.

You collected 130 gold pieces.

Inventory:

Hand weapons
 a - a +0 rapier (weapon)
 b - a +0 dagger
   (You took it off a goblin on level 2 of the Dungeon)
Missiles
 d - 4 throwing nets {=f, !d}
Armour
 c - a +0 helmet (worn)
 e - a +0 ring mail
   (You took it off an orc on level 4 of the Dungeon)
 q - a +0 scale mail
   (You took it off an orc on level 3 of the Dungeon)
 w - a +0 ring mail
   (You found it on level 3 of the Dungeon)
Magical staves
 t - an uncursed staff of poison {unknown}
   (You found it on level 3 of the Dungeon)
Jewellery
 i - an uncursed ring of invisibility {unknown}
   (You found it on level 1 of the Dungeon)
Scrolls
 f - 2 scrolls of identify
 h - 2 scrolls of random uselessness
 m - 2 scrolls of recharging
 p - a scroll of teleportation {unknown}
 s - a scroll of remove curse {unknown}
 v - a scroll of noise {unknown}
Potions
 g - a potion of haste
 j - a potion of degeneration {!q}
 k - 2 potions of ambrosia {!q}


   Skills:
 - Level 1.8 Fighting
 - Level 3.2 Short Blades
 - Level 1.6 Throwing
 - Level 3.3 Dodging
 + Level 9.4 Stealth


You had 5 spell levels left.
You didn't know any spells.

Dungeon Overview and Level Annotations

Branches:
Dungeon (4/15)
 Temple: D:4-7

Altars:
Cheibriados
Dithmenos
Elyvilon
Kikubaaqudgha
Nemelex Xobeh
Zin
The Shining One

Annotations:
D:3 esc's ghost, weakling OpTm


Innate Abilities, Weirdness & Mutations

You heal slowly.
You have razor-sharp teeth.
You have supernaturally acute eyesight.
You can survive without breathing.


Message History

You are too injured to fight recklessly!
You are too injured to fight recklessly!
You are too injured to fight recklessly!
You hit the centaur skeleton.
You destroy the centaur skeleton!
Dithmenos accepts your kill.
Your Stealth skill increases to level 9!
You start resting.
Health restored: 38 You now have 130 gold pieces (gained 17).
You see here a short sword.
An ooze comes into view.
Wield which item (- for none, * to show all)? (? for menu, Esc to quit)
b - a +0 dagger (weapon)
The helpless ooze fails to defend itself.
You perforate the ooze like a sieve!!!
You kill the ooze!
Dithmenos accepts your kill.
You feel your intelligence returning.
A phantom comes into view.
The phantom moves out of view.
The phantom is too close now for your liking.
A phantom is nearby!
a - a +0 rapier (weapon)
You barely miss the phantom. The phantom hits you!
You take 9 damage, and have 29/38 hp.
MASSIVE DAMAGE!!
You hit the phantom but do no damage. Your bite misses the phantom.
The phantom blinks!
The phantom blinks!
There is an open door here.
The phantom blinks!
You close the door.
You see here a flail of draining.
There is a stone staircase leading up here.
You start resting.
You feel almost devoid of blood!
You regained 3 hp, and now have 33/38 hp.
You start resting.
Health restored: 38 You climb upwards.
Level annotation: esc's ghost, weakling OpTm
There is a stone staircase leading down here.
You hit the orc wizard. The orc wizard closely misses you.
The orc priest barely misses you.
You hit the orc wizard. The orc wizard closely misses you.
The orc priest hits you with a club.
You take 6 damage, and have 32/38 hp.
The orc wizard hits you with a dagger.
The orc priest calls upon Beogh to heal the orc wizard.
The orc wizard's wounds heal themselves!
The kobold shouts!
You climb downwards.
There is a stone staircase leading up here.
You take 5 damage, and have 27/38 hp.
You hit the orc priest. The orc priest closely misses you.
You hit the orc priest.
You bite the orc priest, but do no damage.
The orc priest misses you.
You hit the orc priest.
You hit the orc priest but do no damage.
You bite the orc priest.
The orc wizard looks braver for a moment.
The orc priest calls down the wrath of Beogh upon you.
Something smites you!
* * * LOW HITPOINT WARNING * * *
You take 16 damage, and have 11/38 hp.
MASSIVE DAMAGE!!
You hit the orc priest.
You kill the orc priest!
Dithmenos accepts your kill.
You have reached level 6!
Your experience leads to an increase in your attributes!
Increase (S)trength, (I)ntelligence, or (D)exterity?
You feel agile.
The orc wizard gestures at you while chanting.
The puff of flame misses you.
MP restored: 6 The orc wizard misses you.
Things that are here:
a club; a flail of draining You hit the orc wizard.
The orc wizard barely misses you.
You closely miss the orc wizard. The orc wizard hits you with a dagger.
* * * LOW HITPOINT WARNING * * *
You take 2 damage, and have 10/44 hp.
You closely miss the orc wizard. Your bite misses the orc wizard.
The orc wizard closely misses you.
You hit the orc wizard but do no damage.
The orc wizard looks braver for a moment.
You closely miss the orc wizard. Your bite misses the orc wizard.
The orc wizard completely misses you.
You hit the orc wizard. The orc wizard hits you with a dagger.
* * * LOW HITPOINT WARNING * * *
You take 1 damage, and have 9/44 hp.
You hit the orc wizard but do no damage.
The orc wizard barely misses you.
You miss the orc wizard.
The orc wizard gestures at you while chanting.
The magic dart hits you!
You die...

###...###.#.
#.#_..'...#.
#.#...#...#.
#.#####...#.
#.........#.
#.........#.
######.##.#.
#############.##.#.
#<@o.............#.
#############.####.
###############......
#....................
####.################
#.# #.# #.# #.#


You could see an orc wizard.

Vanquished Creatures
  A phantom (D:4)
  An orc priest (D:4)
  A centaur skeleton (D:4)
  7 adders
  An ooze (D:4)
  5 worms
  3 giant geckos
  2 orcs
  14 bats
  7 goblins
  5 hobgoblins
  3 quokkas
  3 ball pythons
  6 giant cockroaches
  3 giant newts
  8 kobolds
  4 rats
74 creatures vanquished.

Notes
Turn   | Place    | Note
--------------------------------------------------------------
     0 | D:1      | dpvblackbelt the Vampire Gladiator began the quest for the Orb.
     0 | D:1      | Reached XP level 1. HP: 16/16 MP: 1/1
    77 | D:1      | Reached skill level 1 in Stealth
  2148 | D:1      | Reached skill level 2 in Stealth
  2197 | D:1      | Reached XP level 2. HP: 17/22 MP: 2/2
  2490 | D:1      | Reached skill level 3 in Stealth
  2565 | D:1      | HP: 2/22 [adder (4)]
  2567 | D:1      | Reached skill level 4 in Stealth
  2997 | D:1      | Reached XP level 3. HP: 20/27 MP: 3/3
  3680 | D:2      | Found an ancient bone altar of Kikubaaqudgha.
  3685 | D:2      | Reached skill level 5 in Stealth
  4037 | D:2      | Reached XP level 4. HP: 19/33 MP: 4/4
  4327 | D:2      | Reached skill level 6 in Stealth
  4406 | D:2      | Found a snail-covered altar of Cheibriados.
  4406 | D:2      | Found a sparkling altar of Nemelex Xobeh.
  4460 | D:3      | Found a glowing silver altar of Zin.
  4460 | D:3      | Found a white marble altar of Elyvilon.
  4469 | D:3      | Found a glowing golden altar of the Shining One.
  4491 | D:3      | Noticed esc's ghost (weakling OpTm)
  4950 | D:3      | Reached skill level 7 in Stealth
  5065 | D:3      | Reached XP level 5. HP: 38/38 MP: 5/5
  5165 | D:4      | HP: 9/38 [adder (2)]
  5167 | D:4      | HP: 4/38 [adder (4)]
  5181 | D:4      | HP: 9/38 [poisoned by an adder]
  5186 | D:4      | HP: 8/38 [poisoned by an adder]
  5811 | D:4      | Found a shadowy altar of Dithmenos.
  5811 | D:4      | Noticed a phantom
  5817 | D:4      | Became a worshipper of Dithmenos the Shadowed
  5856 | D:4      | HP: 6/38 [phantom (9)]
  5862 | D:4      | Killed a phantom
  5862 | D:4      | Reached skill level 8 in Stealth
  6630 | D:4      | Reached skill level 9 in Stealth
  7008 | D:4      | Noticed a phantom
  7178 | D:4      | Reached XP level 6. HP: 12/44 MP: 6/6
  7181 | D:4      | HP: 10/44 [orc wizard/dagger (2)]
  7187 | D:4      | Killed from afar by an orc wizard

Vault maps used:
D:1:      scummos_arrival_simple_fountains
D:2:      kiku_gazebo_pond_becter, gammafunk_temple_overflow_elements
D:3:      good_gods_temple_1, hangedman_abyss_or_decor_stabs
D:4:      nicolae_overflow_hidden_temple, led_sif_pool, grunt_dithmenos_shadows,
          first_bread, uniq_blork_the_orc

Action                   |  1- 3 |  4- 6 || total
-------------------------+-------+-------++-------
Melee: Rapier            |   129 |   114 ||   243
       Dagger            |       |    42 ||    42
  Use: Potion            |     3 |    12 ||    15
       Scroll            |       |     2 ||     2
 Stab: Sleeping          |     2 |    12 ||    14

Vault maps used:
D:1:      scummos_arrival_simple_fountains
D:2:      kiku_gazebo_pond_becter, gammafunk_temple_overflow_elements
D:3:      good_gods_temple_1, hangedman_abyss_or_decor_stabs
D:4:      nicolae_overflow_hidden_temple, led_sif_pool, grunt_dithmenos_shadows,
          first_bread, uniq_blork_the_orc

Table legend:
 A = Turns spent in this place as a percentage of turns spent in the entire game.
 B = Non-inter-level travel turns spent in this place as a percentage of non-inter-level travel turns spent in the entire game.
 C = Inter-level travel turns spent in this place as a percentage of turns spent in this place.
 D = Turns resting spent in this place as a percentage of non-inter-level travel turns spent in this place.
 E = Turns spent auto-exploring this place as a percentage of non-inter-level travel turns spent in this place.
 F = Non-inter-level travel turns spent in this place divided by the number of levels of this place that you've seen.
                   A       B       C       D       E      F
               +-------+-------+-------+-------+-------+----------------------
         Total | 100.0 | 100.0 |   0.5 |   6.2 |   7.4 | 297.8
       Dungeon | 100.0 | 100.0 |   0.5 |   6.2 |   7.4 | 297.8
               +-------+-------+-------+-------+-------+----------------------

Table legend:
 A = Kills in this place as a percentage of kills in entire the game.
 B = Kills by you in this place as a percentage of kills by you in the entire game.
 C = Kills by friends in this place as a percentage of kills by friends in the entire game.
 D = Other kills in this place as a percentage of other kills in the entire game.
 E = Experience gained in this place as a percentage of experience gained in the entire game.
 F = Experience gained in this place divided by the number of levels of this place that you have seen.
                   A       B       C       D       E      F
               +-------+-------+-------+-------+-------+----------------------
         Total | 100.0 | 100.0 |  -nan |  -nan | 100.0 | 105.0
       Dungeon | 100.0 | 100.0 |  -nan |  -nan | 100.0 | 105.0
               +-------+-------+-------+-------+-------+----------------------
